 Dungeon Crawl Stone Soup version 0.30.0-30-g96aa6591b8 (webtiles) character file.

Game seed: 1035448597708280940

153 LustLizard the Insei (level 4, 0/37 HPs)
             Began as a Demigod Gladiator on June 28, 2023.
             Slain by a scorpion (3 damage)
             ... on level 5 of the Dungeon.
             The game lasted 00:03:48 (2358 turns).

LustLizard the Insei (Demigod Gladiator)            Turns: 2358, Time: 00:03:48

Health: 0/37       AC:  9    Str: 15    XL:     4   Next: 88%
Magic:  6/6        EV:  7    Int: 14    God:
Gold:   190        SH:  0    Dex: 15    Spells: 3/3 levels left

rFire   . . .        a - +0 war axe
rCold   . . .        (no shield)
rNeg    . . .        k - +0 chain mail
rPois   .            c - +0 helmet
rElec   .            (no cloak)
rCorr   .            (no gloves)
SInv    .            (no boots)
Will    .....        (no amulet) Stlth
                     (no ring)
HPRegen 0.26/turn    (no ring)
MPRegen 0.10/turn

%: no passive effects
@: invisible
A: high MP 1, forlorn, divine attributes
a: no special abilities


You were on level 5 of the Dungeon.
You visited 1 branch of the dungeon, and saw 5 of its levels.

You collected 190 gold pieces.

Inventory:

Hand Weapons
 a - a +0 war axe (weapon)
Missiles
 d - 3 throwing nets (quivered)
 e - a javelin
Armour
 b - a +0 leather armour
 c - a +0 helmet (worn)
 j - a +0 ring mail
 k - a +0 chain mail (worn)
Scrolls
 f - a scroll of noise {unknown}
 g - 4 scrolls of identify
 i - a scroll of amnesia {unknown}
 l - 3 scrolls of enchant weapon {unknown}
 m - 2 scrolls of enchant armour {unknown}
 n - a scroll of fog
Potions
 h - a potion of resistance
 p - a potion of haste


   Skills:
 + Level 2.8 Fighting
 - Level 2.6 Axes
 - Level 2.0 Throwing
 - Level 2.6 Dodging
 - Level 2.0 Stealth
 * Level 3.0 Unarmed Combat


You had 3 spell levels left.
You didn't know any spells.
Your spell library contained the following spells:

 Spells                   Type           Power      Damage    Failure   Level
 Dazzling Flash           Conj/Hex       0%         N/A       100%        3
 Agony                    Necr           0%         N/A       100%        5
 Silence                  Hex/Air        0%         N/A       100%        5


Dungeon Overview and Level Annotations

Branches:
Dungeon (6/15)
 Temple: D:4-7


Innate Abilities, Weirdness & Mutations

You have an increased reservoir of magic. (+10% MP)
You shall have no god before yourself.
Your divine heritage dramatically boosts your attributes as you level up.


Message History

You barely miss the phantom.
You feel very sick. The scorpion stings you. The phantom hits you.
The gnoll throws a boomerang.
The boomerang hits you.
You hit the scorpion.
The scorpion is moderately wounded.
You hit the phantom.
You feel sick.
The scorpion stings you but does no damage.
The phantom barely misses you.
The scorpion stings you but does no damage.
The phantom hits you.
The gnoll throws a boomerang.
The boomerang hits you but does no damage.
The gnoll throws a throwing net.
The throwing net hits you.
You become entangled in the net!
You struggle against the net.
You feel sick. The scorpion barely misses you.
The phantom hits you but does no damage.
Unknown command.
You struggle against the net.
You feel sick. The scorpion barely misses you. The phantom hits you.
The phantom blinks!
You blink.
A gnoll comes into view.
Found 11 gold pieces.
The gnoll throws a boomerang.
The boomerang closely misses you. The gnoll hits you but does no damage.
Unknown command.
You feel sick.
The phantom hits you but does no damage.
Unknown command.
You feel sick.
You are no longer poisoned.
The gnoll throws a boomerang.
The boomerang hits you.
* * * LOW HITPOINT WARNING * * *
Unknown command.
You fade into invisibility!
The phantom hits you.
* * * LOW HITPOINT WARNING * * *
The phantom blinks!
You blink.
The gnoll throws a boomerang.
The gnoll throws a throwing net.
The throwing net barely misses the scorpion.
Okay, then.
The scorpion stings you.
You die...

#...........##
#...........#
##...>#......#
.####............#
.................##
..................#
........(>........#
...............####
.#.#...s@.......#
.........W.....##
≈≈≈≈..........##
...≈≈........##
#...≈≈≈≈≈...##
##...hgg≈≈..#
##....g.≈..#
#......≈...#
#.......≈....#


You could see a phantom (unable to see you), a scorpion (unable to see you), a
hound and 3 gnolls.

Vanquished Creatures
  Jessica (D:2)
  3 gnolls (D:2)
  2 adders
  A worm (D:2)
  2 dart slugs
  5 orcs (D:3)
  3 ball pythons
  11 endoplasms
  2 giant cockroaches
  5 goblins
  6 hobgoblins
  3 jackals (D:3)
  4 quokkas
  7 bats
  5 frilled lizards
  2 kobolds (D:2)
  A rat (D:1)
63 creatures vanquished.

Notes
Turn   | Place    | Note
-------+----------+-------------------------------------------
     0 | D:1      | LustLizard the Demigod Gladiator began the quest for the
                  | Orb.
     0 | D:1      | Reached XP level 1. HP: 17/17 MP: 3/3
     6 | D:1      | Noticed a snapping turtle
     6 | D:1      | Noticed a wolf
     6 | D:1      | Noticed a swamp worm
     7 | D:1      | Noticed a killer bee
     7 | D:1      | Noticed a water moccasin
   222 | D:1      | Reached XP level 2. HP: 21/24 MP: 4/4
   475 | D:1      | Reached skill level 1 in Unarmed Combat
  1062 | D:2      | Reached skill level 1 in Stealth
  1099 | D:2      | Reached XP level 3. HP: 29/29 MP: 5/5
  1274 | D:2      | Noticed Jessica
  1294 | D:2      | Killed Jessica
  1295 | D:2      | Reached skill level 2 in Unarmed Combat
  1455 | D:2      | Reached XP level 4. HP: 35/37 MP: 6/6
  2294 | D:3      | You fall into a shaft and drop 3 floors!
  2311 | D:5      | Entered Level 5 of the Dungeon
  2321 | D:5      | Reached skill level 3 in Unarmed Combat
  2331 | D:5      | Noticed a phantom
  2358 | D:5      | Slain by a scorpion

Illustrated notes

Levels and vault maps discovered:
D:1:      onia_arrival_zoo_common, layout_basic, minmay_shallow_snake_nest
D:2:      layout_loops_ring, uniq_jessica
D:3:      layout_loops_ring, chequers_serial_rivers_room_b,
          minmay_misc_feat_secret_circle
D:5:      layout_cave_pools, nicolae_overflow_crystal_walls, serial_shops,
          nicolae_shop_temple_entry_statues_fountains, serial_gnoll_camp,
          gnoll_camp_medium_01, gnoll_camp_huts_moat, gnoll_camp_mini_hut,
          gnoll_camp_mini_doghouse, gnoll_camp_medium_02,
          hangedman_abyss_or_decor_lesser_grid
D:6:      layout_basic, minmay_temple_entry_statues_fountains, minmay_between

Skill      XL: |  1  2  3  4 |
---------------+-------------+-----
Fighting       | 2 |  2.8
Throwing       | 2 |  2.0
Unarmed Combat | 1 2 3 |  3.0
Stealth        | 1 2 |  2.0
Axes           | |  2.6
Dodging        | |  2.6

Action                     |  1- 3 |  4- 6 || total
---------------------------+-------+-------++-------
  Melee: War axe           |    94 |    94 ||   188
         Punch             |       |     2 ||     2
    Use: Scroll            |     2 |     4 ||     6
         Potion            |       |     1 ||     1
   Stab: Sleeping          |     1 |       ||     1
 Armour: Leather armour    |     3 |       ||     3
         Chain mail        |    53 |    59 ||   112
  Dodge: Dodged            |    45 |    53 ||    98
